 Dungeon Sprint DCSS version 0.14-a0-59-gd5eeb80 (console) character file.

3041 Dalvant the Scorcher (level 9, -6/50 HPs)
             Began as a Deep Elf Fire Elementalist on Sept 30, 2013.
             Was a High Priest of Sif Muna.
             Shot with an arrow by a centaur warrior (28 damage)
             ... in the Dungeon (Sprint I: "Red Sonja").
             The game lasted 00:05:47 (1105 turns).

Dalvant the Scorcher (Deep Elf Fire Elementalist)   Turns: 1105, Time: 00:05:47

HP  -6/50        AC  7     Str  5      XL: 9   Next: 23%
MP   8/29        EV 14     Int 24      God: Sif Muna [*****.]
Gold 636         SH  0     Dex 17      Spells:  3 memorised, 19 levels left

Res.Fire  : . . .   See Invis. : .   (no weapon)
Res.Cold  : . . .   Warding    : .   l - +2 robe {MR+}
Life Prot.: . . .   Conserve   : .   (no shield)
Res.Poison: .       Res.Corr.  : +   (no helmet)
Res.Elec. : .       Clarity    : .   c - +2 elf cloak
Sust.Abil.: . .     Spirit.Shd : .   (no gloves)
Res.Mut.  : .       Prev.Telep.: +   (no boots)
Res.Rott. : .       Flight     : .   m - amulet of resist corrosion {unknown}
Saprovore : . . .                    (no ring)
                                     q - +2 ring of dexterity

@: quite resistant to hostile enchantments, very stealthy
A: no striking features
a: Channel Energy, Forget Spell, Renounce Religion


You were in the Dungeon.
You worshipped Sif Muna.
Sif Muna was extremely pleased with you.
You were not hungry.

You visited 1 branch You collected 827 gold pieces.
You spent 211 gold pieces at shops.

Inventory:

Armour
 a - a +0 elven robe
 c - a +2 elven cloak (worn)
 k - the +2 robe of Hoynythre {rF+ Dex+3 Int-6}
   (You bought it in a shop in the Dungeon)

   It affects your intelligence (-6).
   It affects your dexterity (+3).
   It protects you from fire.
 l - a +2 robe of magic resistance (worn)
Magical devices
 h - a wand of slowing (6)
 r - a wand of confusion (11) {unknown}
Comestibles
 n - an apple
 o - 5 chunks of deep troll flesh
Scrolls
 i - a scroll of blinking
 j - a scroll of amnesia {unknown}
 s - 2 scrolls of remove curse {unknown}
Jewellery
 m - an amulet of resist corrosion (around neck) {unknown}
 q - a +2 ring of dexterity (left hand)
Potions
 d - 3 potions of curing
 e - a potion of heal wounds
 f - a potion of speed
 g - 2 potions of magic
 p - a potion of mutation {unknown}
Books
 b - a book of Flames

   Spells                             Type                      Level
   *Flame Tongue                      Conjuration/Fire             1
   Throw Flame                        Conjuration/Fire             2
   Conjure Flame                      Conjuration/Fire             3
   Inner Flame                        Hexes/Fire                   3
   *Sticky Flame                      Conjuration/Fire             4
   *Fireball                          Conjuration/Fire             5


   Skills:
 - Level 5.5 Fighting
 - Level 3.5 Dodging
 - Level 6.2 Stealth
 + Level 10.5 Spellcasting
 * Level 11.5 Conjurations
 + Level 15.1 Fire Magic


You had 19 spell levels left.
You knew the following spells:

 Your Spells              Type           Power        Failure   Level  Hunger
a - Flame Tongue          Conj/Fire      #####        1%          1    None
c - Sticky Flame          Conj/Fire      ######..     1%          4    None
v - Fireball              Conj/Fire      ######....   1%          5    ###....


Dungeon Overview and Level Annotations

Branches:
Dungeon (1/1)

Altars:
Kikubaaqudgha
Makhleb
Okawaru
Sif Muna
Trog
Yredelemnul
Zin
the Shining One

Shops:
D [?[


Message History

You have reached level 9!
Your experience leads to an increase in your attributes!
Increase (S)trength, (I)ntelligence, or (D)exterity?
You feel clever.
Casting: Fireball
Confirm with . or Enter, or press ? or * to list all spells.
Okay, then.
You start resting.
The centaur warrior shoots an arrow.
The arrow hits you!
Casting: Fireball
Confirm with . or Enter, or press ? or * to list all spells.
Aiming: Fireball
Press: ? - help, Shift-Dir - straight line, f - centaur warrior
Aim: a centaur warrior, wielding a bow (steam, severely wounded)
The fireball explodes!
The fireball engulfs the centaur warrior.
The centaur warrior is almost dead.
The centaur warrior shoots an arrow.
The arrow hits you!
Ouch! That really hurt!
You die...

##########################
#<<#..'..#..'..#__#..)..)#
#<.%..#..').#..'..'..#...#
#..#####'#####'#__####...+
#.)####..#...#[####§c#####
#..#_.####..##.#§§§§.
#..#.....##'#..+§§≈§
#⌠⌠#_.∩...'..._#§c§
####.....##_.#'##§###
#_._._###'#.#.@.[###
############)####'###.##
#∩........'...[.....'.∩#
###++++####...##########
###.### #.#'#.# #.....#
#.....# #######


You could see a centaur warrior.

Vanquished Creatures
  A centaur warrior (D)
  A deep troll (D)
  A giant amoeba (D)
  Sonja (D)
  An elephant slug (D)
  2 kobold demonologists (D)
  An ogre (D)
  Sigmund (D)
  A jelly (D)
  Ijyb (D)
  A giant eyeball (D)
  5 ballistomycetes (D)
17 creatures vanquished.

Vanquished Creatures (others)
  A metal gargoyle (D)
  2 giant spores (D)
3 creatures vanquished.

Grand Total: 20 creatures vanquished

Notes
Turn   | Place    | Note
--------------------------------------------------------------
     0 | D        | Dalvant, the Deep Elf Fire Elementalist, began the quest for the Orb.
     0 | D        | Reached XP level 1. HP: 10/10 MP: 4/4
     1 | D        | Noticed Ijyb
    11 | D        | Killed Ijyb
    11 | D        | Reached skill level 5 in Fire Magic
    11 | D        | Reached XP level 2. HP: 15/15 MP: 0/7
    59 | D        | Noticed an ogre
    71 | D        | Killed an ogre
    71 | D        | Reached skill level 7 in Fire Magic
    71 | D        | Reached XP level 3. HP: 19/19 MP: 3/9
    71 | D        | Reached XP level 4. HP: 24/24 MP: 4/12
    77 | D        | Learned a level 4 spell: Sticky Flame
    95 | D        | Noticed Sigmund
   101 | D        | Killed Sigmund
   101 | D        | Reached skill level 9 in Fire Magic
   101 | D        | Reached XP level 5. HP: 29/29 MP: 0/15
   182 | D        | Killed a metal gargoyle
   209 | D        | Learned a level 5 spell: Fireball
   220 | D        | Found an iron altar of Okawaru.
   220 | D        | Found a deep blue altar of Sif Muna.
   220 | D        | Found a glowing silver altar of Zin.
   220 | D        | Found an ancient bone altar of Kikubaaqudgha.
   220 | D        | Noticed a giant amoeba
   222 | D        | Found a glowing golden altar of the Shining One.
   223 | D        | Noticed a jelly
   224 | D        | Found a basalt altar of Yredelemnul.
   227 | D        | Killed a jelly
   234 | D        | Found a glowing golden altar of the Shining One.
   234 | D        | Found a burning altar of Makhleb.
   234 | D        | Found Sinillef's Magic Scroll Emporium.
   234 | D        | Found a glowing golden altar of the Shining One.
   234 | D        | Found a bloodstained altar of Trog.
   234 | D        | Noticed an elephant slug
   284 | D        | Killed a giant amoeba
   284 | D        | Reached skill level 5 in Fighting
   284 | D        | Reached skill level 5 in Spellcasting
   284 | D        | Reached skill level 12 in Fire Magic
   284 | D        | Reached XP level 6. HP: 16/36 MP: 8/20
   284 | D        | Reached XP level 7. HP: 17/40 MP: 8/22
   302 | D        | Became a worshipper of Sif Muna the Loreminder
   469 | D        | Noticed a kobold demonologist
   470 | D        | Killed a kobold demonologist
   471 | D        | Noticed a kobold demonologist
   473 | D        | Killed a kobold demonologist
   473 | D        | Acquired Sif Muna's first power
   473 | D        | Reached skill level 13 in Fire Magic
   618 | D        | Killed an elephant slug
   618 | D        | Acquired Sif Muna's second power
   618 | D        | Reached XP level 8. HP: 45/45 MP: 10/25
   630 | D        | Found a bloodstained altar of Trog.
   748 | D        | Noticed Sonja
   751 | D        | Killed Sonja
   765 | D        | Found Xajois' Antique Armour Boutique.
   774 | D        | Bought an ichor-stained robe for 159 gold pieces
   780 | D        | Identified the +2 robe of Hoynythre {rF+ Dex+3 Int-6} (You bought it in a shop in the Dungeon)
   780 | D        | Bought a glowing robe for 19 gold pieces
   790 | D        | Bought an elven cloak for 33 gold pieces
   890 | D        | Reached skill level 14 in Fire Magic
   961 | D        | Noticed a deep troll
   965 | D        | Killed a deep troll
   965 | D        | Acquired Sif Muna's third power
   965 | D        | Reached skill level 10 in Conjurations
  1071 | D        | Found Klufed's Armour Emporium.
  1096 | D        | Noticed a centaur warrior
  1101 | D        | Noticed a centaur warrior
  1101 | D        | Killed a centaur warrior
  1101 | D        | Reached skill level 10 in Spellcasting
  1101 | D        | Reached skill level 15 in Fire Magic
  1101 | D        | Reached XP level 9. HP: 31/50 MP: 12/29
  1105 | D        | Shot with an arrow by a centaur warrior

Action                   |  1- 3 |  4- 6 |  7- 9 || total
-------------------------+-------+-------+-------++-------
Melee: Unarmed           |     5 |     1 |    37 ||    43
 Cast: Flame Tongue      |     7 |     8 |    13 ||    28
       Sticky Flame      |       |     4 |     7 ||    11
       Fireball          |       |       |    12 ||    12
Evoke: Wand              |     3 |       |       ||     3
  Use: Potion            |     1 |       |       ||     1
